 Dungeon Crawl Stone Soup version 0.32-a0-841-g4648e6c457 (webtiles) character file.

Game seed: 16171182511376708233

546 epen the Shooter (level 7, -1/54 HPs)
             Began as a Coglin Hunter on Mar 26, 2024.
             Was an Initiate of Dithmenos.
             Slain by Duvessa
             ... wielding a +0 rapier
              (9 damage)
             ... on level 4 of the Dungeon.
             The game lasted 00:05:13 (2760 turns).

epen the Shooter (Coglin Hunter)                    Turns: 2760, Time: 00:05:14

Health: -1/54      AC:  3    Str: 12    XL:     7   Next: 28%
Magic:  7/7        EV: 12    Int:  8    God:    Dithmenos [......]
Gold:   139        SH:  0    Dex: 19    Spells: 6/6 levels left

rFire   . . .        a - +2 sling {Zolin}
rCold   . . .        d - +0 sling {Charoen}
rNeg    . . .        c - +0 leather armour
rPois   .            (no helmet)
rElec   .            (no cloak)
rCorr   .            (no gloves)
SInv    .            (no boots)
Will    .....        (amulet unavailable)
Stlth   ++           (ring unavailable)
HPRegen 0.29/turn    (ring unavailable)
MPRegen 0.10/turn    (no gizmo)

%: no passive effects
@: attractive, revved
A: off-hand wielding, slow wielding, warmup strikes, no jewellery
a: Invent Gizmo, Renounce Religion


You were on level 4 of the Dungeon.
You worshipped Dithmenos.
Dithmenos was noncommittal.
You visited 2 branches of the dungeon, and saw 5 of its levels.

You collected 139 gold pieces.

Inventory:

Hand Weapons
 a - a +2 sling (weapon) {Zolin}
 d - a +0 sling (offhand) {Charoen}
Armour
 c - a +0 leather armour (worn)
Wands
 b - a wand of flame (14)
 o - a wand of roots (9)
Scrolls
 h - 3 scrolls of vulnerability {unknown}
 m - a scroll of summoning
 n - a scroll of fear {unknown}
 p - a scroll of immolation {unknown}
 q - a scroll of teleportation
Potions
 e - a potion of degeneration {unknown}
 f - a potion of lignification {unknown}
 g - a potion of brilliance {unknown}
 i - a potion of curing {unknown}
 j - a potion of attraction
 k - a potion of might
 l - a potion of berserk rage {unknown}


   Skills:
 + Level 4.2 Fighting
 + Level 4.9 Ranged Weapons
 + Level 3.8 Dodging
 + Level 3.3 Stealth


You had 6 spell levels left.
You didn't know any spells.
Your spell library contained the following spells:

 Spells                   Type           Power      Damage    Failure   Level
 Necrotise                Necr           0%         1d4       50%         1
 Sting                    Conj/Alch      0%         1d3       50%         1
 Mercury Vapours          Alch/Air       0%         N/A       63%         2
 Olgreb's Toxic Radiance  Alch           0%         N/A       99%         4


Dungeon Overview and Level Annotations

Branches:
Dungeon (4/15)             Temple (1/1) D:4

Altars:
Ashenzari
Cheibriados
Dithmenos
Elyvilon
Fedhas
Gozag
Hepliaklqana
Kikubaaqudgha
Makhleb
Nemelex Xobeh
Qazlal
Ru
Uskayaw
Vehumet
Xom
Yredelemnul
Zin
The Shining One

Shops:
D:2 (   D:4 :

Annotations:
D:4 Dowan, Duvessa


Innate Abilities, Weirdness & Mutations

You can wield a second weapon in your off-hand.
It takes a long time for you to wield or remove held weapons.
Your first few attacks do less damage.
You cannot equip rings or amulets.


Message History

You are too injured to fight recklessly!
You are too injured to fight recklessly!
You are too injured to fight recklessly!
Fire: a) +2 sling {Zolin}
Press: ? - help, Shift-Dir - straight line, f/p - Duvessa
Aim: Duvessa, wielding a +0 rapier and wearing a +0 leather armour of fire resistance (heavily wounded, fast, 69% to hit)
You shoot a sling bullet.
The sling bullet hits Duvessa but does no damage.
Duvessa is heavily wounded.
You shoot a sling bullet. The sling bullet hits Duvessa.
Duvessa is severely wounded.
Duvessa says, "Where magic fails, the sword succeeds!"
Duvessa hits you with a +0 rapier. Duvessa barely misses you.
Fire: a) +2 sling {Zolin}
Press: ? - help, Shift-Dir - straight line, f/p - Duvessa
Aim: Duvessa, wielding a +0 rapier and wearing a +0 leather armour of fire resistance (severely wounded, fast, 69% to hit)
You shoot a sling bullet. The sling bullet barely misses Duvessa.
The sling bullet hits the lemure!
The lemure is moderately wounded.
You shoot a sling bullet.
The sling bullet closely misses Duvessa.
The sling bullet hits the lemure but does no damage.
The lemure is moderately wounded.
Duvessa hits you with a +0 rapier!
* * * LOW HITPOINT WARNING * * *
Fire: a) +2 sling {Zolin}
Press: ? - help, Shift-Dir - straight line, f/p - Duvessa
Aim: Duvessa, wielding a +0 rapier and wearing a +0 leather armour of fire resistance (severely wounded, fast, 69% to hit)
You shoot a sling bullet.
The sling bullet closely misses Duvessa.
The sling bullet hits the lemure but does no damage.
The lemure is moderately wounded.
You shoot a sling bullet. The sling bullet hits Duvessa.
Duvessa is severely wounded.
Duvessa closely misses you. Duvessa hits you with a +0 rapier.
* * * LOW HITPOINT WARNING * * *
It was a potion of attraction.
You feel attractive to monsters. Duvessa hits you with a +0 rapier!
You die...

.[.....~~~~.# ............###.
!~5~5.......# ####.##..#...#..
.~≈≈~.~~e≈~.# ##.#....#.....
.≈≈≈~.≈≈≈≈≈.#####....#####.>.#
.~≈≈~.≈≈≈≈~.............#.....
.~≈≈~.†~~~~.#####......#...#..
............# ##.###....###.
.#....###..#######.# ##..#.#.#
#.#. #..5e@.....# ##...#.. #
##########.# ##..#.. #...
....# #.### ...# ..# #### #
### ##_## ß...ß## ##########
.....#####........


You could see Duvessa (fast) and a lemure.

Vanquished Creatures
  Grinder (D:3)
  A phantom (D:3)
  A lemure (D:4)
  A scorpion (D:4)
  4 orc wizards
  4 adders
  A dart slug (D:1)
  8 orcs
  8 endoplasms
  2 giant cockroaches
  7 goblins
  6 hobgoblins
  7 jackals (D:1)
  4 quokkas
  5 ball pythons
  5 bats
  7 frilled lizards
  9 kobolds
  3 rats (D:1)
84 creatures vanquished.

Notes
Turn   | Place    | Note
-------+----------+-------------------------------------------
     0 | D:1      | epen the Coglin Hunter began the quest for the Orb.
     0 | D:1      | Reached XP level 1. HP: 16/16 MP: 1/1
    37 | D:1      | Reached skill level 1 in Stealth
    38 | D:1      | Reached XP level 2. HP: 22/22 MP: 2/2
   188 | D:1      | Reached XP level 3. HP: 28/28 MP: 3/3
   754 | D:2      | Reached XP level 4. HP: 34/34 MP: 4/4
  1049 | D:2      | You fall into a shaft and drop 1 floor!
  1187 | D:2      | Found Votit's Weapon Shoppe.
  1345 | D:3      | Noticed Grinder
  1348 | D:3      | Paralysed by Grinder for 3 turns
  1361 | D:3      | Noticed a phantom
  1370 | D:3      | Paralysed by Grinder for 4 turns
  1506 | D:3      | Killed a phantom
  1507 | D:3      | Reached XP level 5. HP: 31/41 MP: 5/5
  1546 | D:3      | Paralysed by Grinder for 5 turns
  1556 | D:3      | Paralysed by Grinder for 5 turns
  1562 | D:3      | Killed Grinder
  1563 | D:3      | Reached XP level 6. HP: 22/48 MP: 6/6
  2132 | D:3      | Found a faded altar of an unknown god.
  2140 | D:3      | Got Plato's Omnibus of the Morgue
  2259 | D:4      | Reached XP level 7. HP: 53/53 MP: 7/7
  2283 | D:4      | Found a blossoming altar of Fedhas.
  2296 | D:4      | Found an opulent altar of Gozag.
  2298 | D:4      | Found a white marble altar of Elyvilon.
  2374 | D:4      | Found Hotueps's Book Shop.
  2613 | D:4      | Found a staircase to the Ecumenical Temple.
  2620 | Temple   | Entered the Ecumenical Temple
  2662 | Temple   | Became a worshipper of Dithmenos the Shadowed
  2733 | D:4      | Noticed Dowan
  2734 | D:4      | Noticed Duvessa
  2760 | D:4      | Slain by Duvessa

Illustrated notes

Levels and vault maps discovered:
D:1:      tarquinn_simple_flora_water_b, layout_basic
D:2:      layout_loops_corners, serial_shops, nicolae_shop_bloodbath_and_beyond
D:3:      wad_pebble_path, layout_rooms, shapermc_ecumenical_altar_rom_forum,
          minmay_liquid_box, uniq_grinder
D:4:      layout_loops_ring, nicolae_overflow_hidden_temple, fedhas_altar_2,
          minmay_temple_entry_arrows, serial_shops, shop, minivault_14,
          uniq_pikel, uniq_duvessa
Temple:   bh_familiar_temple

Skill      XL: |  1  2  3  4  5  6  7 |
---------------+----------------------+-----
Stealth        | 1 2 3 |  3.3
Dodging        | 2 3 |  3.8
Ranged Weapons | 4 |  4.9
Fighting       | 3 4 |  4.2

Action                     |  1- 3 |  4- 6 |  7- 9 || total
---------------------------+-------+-------+-------++-------
   Fire: Sling             |   134 |   232 |   108 ||   474
    Use: Scroll            |       |     4 |       ||     4
         Potion            |       |     1 |     1 ||     2
 Armour: Leather armour    |     5 |    34 |    28 ||    67
  Dodge: Dodged            |     5 |    28 |     7 ||    40

Table legend: (Time is in decaauts)
 A = Elapsed time spent in this place.
 B = Non-inter-level travel time spent in this place.
 C = Inter-level travel time spent in this place.
 D = Time resting spent in this place.
 E = Time spent auto-exploring this place.
 F = Levels seen in this place.
 G = Mean time per level.
                   A        B        C        D        E       F      G
               +--------+--------+--------+--------+--------+-----+--------+
         Total |   2816 |   2649 |    167 |    286 |   1848 |   5 |  563.2 |
       Dungeon |   2744 |   2606 |    138 |    286 |   1848 |   4 |  686.0 |
        Temple |     71 |     42 |     29 |      0 |      0 |   1 |   71.0 |
               +--------+--------+--------+--------+--------+-----+--------+

Top non-repeatable levels by time:
     D:3: 869 daAuts
     D:2: 842 daAuts
     D:1: 562 daAuts
     D:4: 470 daAuts
  Temple: 71 daAuts
